 Dungeon Crawl Stone Soup version 0.28-a0-206-gc2c9e32840 (webtiles) character file.

Game seed: 11528570190375002182

11335 avis the Grappler (level 11, 0/97 HPs)
             Began as an Octopode Transmuter on Aug 20, 2021.
             Was an Initiate of Gozag.
             Splashed by an oklob plant's acid (13 damage)
             ... on level 1 of the Lair of Beasts on Aug 21, 2021.
             The game lasted 01:02:07 (12784 turns).

avis the Grappler (Octopode Transmuter)            Turns: 12784, Time: 01:02:10

Health: 0/97       AC:  1    Str:  9    XL:     11   Next: 76%
Magic:  26/26      EV: 13    Int: 16    God:    Gozag
Gold:   1037       SH:  0    Dex: 20    Spells: 0/18 levels left

rFire   x x x      SeeInvis .     - Unarmed
rCold   + + +      Faith    .   (shield currently unavailable)
rNeg    . . .      Spirit   .   (helmet currently unavailable)
rPois   +          Reflect  .   (no amulet)
rElec   .          Harm     .   n - +6 ring of dexterity
rCorr   .          Rampage  .   d - ring of Nokhlaj {rC+ MP+9 Str-4 Dex+2 Slay+3}
Will    .....                   F - ring of protection from cold
Stlth   +++.......              t - ring of ice
HPRegen 0.26/turn               J - ring of ice
MPRegen 0.20/turn               (no ring)
                                (no ring)
                                (no ring)

@: ice-form (expiring), corroded
A: freezing attack, boosted hp, almost no armour, amphibious, 8 rings, large,
(camouflage 1), (gelatinous body 1), (nimble swimmer 1), (tentacles)
a: End Transformation, Renounce Religion, Potion Petition, Call Merchant, Bribe
Branch


You were on level 1 of the Lair of Beasts.
You worshipped Gozag.
Gozag was most pleased with you.
You were a creature of crystalline ice.
You visited 3 branches of the dungeon, and saw 10 of its levels.

You collected 1166 gold pieces.
You paid 129 gold pieces to Gozag.

Inventory:

Hand Weapons
 a - a +2 flail of protection (melded)
 b - a +0 long sword of flaming
 c - a +2 morningstar of holy wrath
 w - the +8 storm bow {elec, penet}
   (You found it on level 7 of the Dungeon)

   Any ammunition fired from it occasionally discharges a powerful burst of
   electricity upon striking a foe.
   Any ammunition fired by it passes through the targets it hits, potentially
   hitting all targets in its path until it reaches maximum range.
Missiles
 e - 8 boomerangs
 s - 2 datura-tipped darts
 z - 38 sling bullets
 E - 236 arrows
 I - 6 curare-tipped darts
 K - 7 poisoned darts
Jewellery
 d - the ring of Nokhlaj (right front paw) {rC+ MP+9 Str-4 Dex+2 Slay+3}
   (You found it on level 4 of the Dungeon)

   [ring of magical power]

   Str:       It affects your strength (-4).
   Dex:       It affects your dexterity (+2).
   Slay:      It affects your accuracy & damage with ranged weapons and melee
   (+3).
   rC:        It protects you from cold.
   MP:        It affects your magic capacity (+9).
 n - a +6 ring of dexterity (left front paw)
 t - a ring of ice (on tentacle)
 F - a ring of protection from cold (on tentacle)
 J - a ring of ice (on tentacle)
Wands
 y - a wand of acid (8)
 B - a wand of iceblast (18)
 P - a wand of paralysis (11)
Scrolls
 f - a scroll of vulnerability {unknown}
 i - 3 scrolls of amnesia {unknown}
 j - 6 scrolls of teleportation {unknown}
 l - 4 scrolls of noise {unknown}
 m - 3 scrolls of enchant armour {unknown}
 o - 2 scrolls of silence {unknown}
 q - a scroll of brand weapon {unknown}
 A - 2 scrolls of magic mapping {unknown}
 C - 3 scrolls of fear {unknown}
 H - a scroll of identify
 M - a scroll of blinking {unknown}
 S - a scroll of enchant weapon {unknown}
Potions
 g - 4 potions of curing
 h - 3 potions of haste
 k - a potion of ambrosia {unknown}
 p - a potion of resistance
 r - a potion of heal wounds
 u - 2 potions of mutation {unknown}
 v - a potion of attraction {unknown}
 x - 2 potions of brilliance {unknown}
 D - 2 potions of lignification {unknown}
 G - 2 potions of invisibility {unknown}
 R - 3 potions of degeneration {unknown}


   Skills:
 - Level 10.0 Fighting
 - Level 6.0 Dodging
 - Level 4.0 Stealth
 - Level 12.0 Unarmed Combat
 - Level 4.0 Spellcasting
 - Level 5.0 Transmutations
 * Level 4.3 Ice Magic
 - Level 2.0 Poison Magic


You couldn't memorise any spells.
You knew the following spells:

 Your Spells              Type           Power      Damage    Failure   Level
a - Beastly Appendage     Tmut           38%        N/A       2%          1
o - Ozocubu's Armour      Ice            38%        N/A       9%          3
p - Spider Form           Tmut/Pois      7%         N/A       12%         3
q - Ice Form              Ice/Tmut       40%        N/A       24%         4
R - Ozocubu's Refrigerat  Ice            19%        4d8       100%        7

Your spell library contained the following spells:

 Spells                   Type           Power      Damage    Failure   Level
 Wereblood                Tmut           19%        N/A       3%          2
 Shock                    Conj/Air       12%        1d3       17%         1
 Gell's Gravitas          Tloc           1%         N/A       45%         3
 Lesser Beckoning         Tloc           1%         N/A       45%         3
 Swiftness                Air            3%         N/A       45%         3
 Teleport Other           Tloc           3%         N/A       45%         3
 Airstrike                Air            1%         N/A       86%         4


Dungeon Overview and Level Annotations

Branches:
Dungeon (8/15)             Temple (1/1) D:4            Lair (1/6) D:8

Altars:
Ashenzari
Cheibriados
Dithmenos
Elyvilon
Fedhas
Gozag
Hepliaklqana
Kikubaaqudgha
Makhleb
Okawaru
Qazlal
Ru
Sif Muna
Trog
Uskayaw
Vehumet
Wu Jian
Yredelemnul
Zin
The Shining One

Shops:
D:2 [

Annotations:
D:1 Experience trapped in cells
Lair:1 exclusion: 2 oklob plants


Innate Abilities, Weirdness & Mutations

You are a creature of crystalline ice.
You have a powerful freezing melee attack.
Your maximum health is increased.
Your armour is entirely melded.
You are incapable of wielding weapons or throwing items.
You cannot wear most types of armour.
You are amphibious.
You can wear up to eight rings at the same time.
((Your skin changes colour to match your surroundings (Stealth+).))
((Your rubbery body absorbs attacks. (AC +1, EV +1)))
((You are camouflaged near water. (Stealth+)))
((You have tentacles for arms and can constrict up to eight enemies at once.))


Message History

Your magical contamination has completely faded away.
You open the door.
There is an open door here.
There is an open door here.
Found 37 gold pieces.
Found a blossoming altar of Fedhas.
Found 12 gold pieces. 2 oklob plants come into view.
Marking area around 2 oklob plants as unsafe for travelling.
Found 8 gold pieces.
The helpless oklob plant fails to defend itself.
You pummel the oklob plant!! You freeze the oklob plant.
The oklob plant is heavily damaged.
You punch the oklob plant! You freeze the oklob plant.
The oklob plant is severely damaged.
The oklob plant spits acid at you. The splash of acid hits you!
The acid corrodes you!
You are splashed with acid!
You hit the oklob plant but do no damage.
The oklob plant is severely damaged.
You hit the oklob plant. You freeze the oklob plant.
The oklob plant is almost destroyed.
The oklob plant spits acid at you. The splash of acid hits you!
The acid corrodes you!
You are splashed with acid!
The oklob plant spits acid at you. The splash of acid hits you!
You are splashed with acid!
* * * LOW HITPOINT WARNING * * *
You completely miss the oklob plant.
The oklob plant is severely damaged.
The oklob plant spits acid at you. The splash of acid hits you!
* * * LOW HITPOINT WARNING * * *
You are splashed with acid!
* * * LOW HITPOINT WARNING * * *
You feel much better.
Your transformation is almost over.
The oklob plant spits acid at you. The splash of acid hits you!
* * * LOW HITPOINT WARNING * * *
The acid corrodes you!
You are splashed with acid!
You die...
Your body crumbles into a pile of gold.

####...##...♣♣♣♣♣.♣#####.#
#.......#..♣♣.♣..♣♣♣####.##
.#.......#..♣.♣.♣♣♣♣♣..##..#
.........'..♣♣.♣.♣.♣♣..##.##
.#.......#..♣♣♣♣♣.♣.♣.....#
#.......#..♣♣♣♣♣♣.♣♣..##.#
..#..###....♣♣P♣..♣♣♣..##.##
............♣♣$..♣♣ ♣####..#
............♣♣._Y♣ ♣..##.##
............♣♣♣.$P♣ ♣.....#
............♣ ♣♣♣♣♣♣♣.....#
.............♣♣♣♣♣♣♣......#
..........................#
..##..#####...............#
..#... #(....#...##.#..#
..#.. ......P)........#
..... ..............#.##


You could see 2 oklob plants.

Vanquished Creatures
  A two-headed ogre (D:8)
  Sonja (Lair:1)
  2 centaur zombies (D:7)
  4 cane toads (Lair:1)
  Maggie (D:8)
  2 komodo dragons (Lair:1)
  2 hellwings (D:7)
  Prince Ribbit (D:7)
  A meliai zombie (D:7)
  2 wyverns
  9 yaks
  3 water moccasins (D:8)
  2 black bears
  An orc warrior (D:6)
  4 ice beasts
  2 necrophages
  6 centaurs
  An ogre (D:6)
  3 phantoms
  2 kobold brigands
  11 bullfrogs
  3 scorpions
  A wyvern skeleton (D:7)
  A water moccasin skeleton (D:5)
  A howler monkey (D:8)
  A crimson imp (D:6)
  2 hounds (D:5)
  4 jellies
  A bullfrog zombie (D:7)
  6 orc priests
  2 bullfrog skeletons
  5 centaur skeletons
  A gnoll shaman (D:8)
  5 iguanas
  Terence (D:3)
  6 orc wizards
  A scorpion zombie (D:5)
  A hound skeleton (D:5)
  A howler monkey skeleton (D:7)
  7 gnolls
  5 adders
  6 shadow imps
  3 white imps
  2 adder skeletons (D:4)
  A worm (D:3)
  2 dart slugs (D:3)
  33 orcs
  8 endoplasms
  5 goblins
  6 hobgoblins
  4 jackals
  17 kobolds
  5 quokkas
  6 ball pythons
  6 bats
  3 frilled lizards
  6 rats
229 creatures vanquished.

Vanquished Creatures (others)
  7 fungi
  13 plants
  8 withered plants (D:7)
28 creatures vanquished.

Grand Total: 257 creatures vanquished

Notes
Turn   | Place    | Note
-------+----------+-------------------------------------------
     0 | D:1      | avis the Octopode Transmuter began the quest for the Orb.
     0 | D:1      | Reached XP level 1. HP: 13/13 MP: 3/3
     2 | D:1      | Noticed a vampire
     2 | D:1      | Noticed a ghoul
     4 | D:1      | Noticed a barachi
     4 | D:1      | Noticed a tengu
     6 | D:1      | Noticed a palentonga
     6 | D:1      | Noticed a naga
     8 | D:1      | Noticed a vine stalker
     8 | D:1      | Noticed a formicid
    10 | D:1      | Noticed an elf
    10 | D:1      | Noticed a gargoyle
    12 | D:1      | Noticed a demigod
    12 | D:1      | Noticed a merfolk
    14 | D:1      | Noticed an ogre
    14 | D:1      | Noticed a felid
    16 | D:1      | Noticed a djinni
    16 | D:1      | Noticed a human
    18 | D:1      | Noticed an octopode
    20 | D:1      | Noticed a draconian
    20 | D:1      | Noticed a troll
    22 | D:1      | Noticed a spriggan
    22 | D:1      | Noticed a minotaur
    24 | D:1      | Noticed a demonspawn
    26 | D:1      | Noticed a dwarf
   424 | D:1      | Reached XP level 2. HP: 19/19 MP: 3/5
   532 | D:1      | Found a faded altar of an unknown god.
  1127 | D:1      | Reached XP level 3. HP: 24/24 MP: 4/6
  1131 | D:1      | Learned a level 3 spell: Spider Form
  1412 | D:2      | Noticed a necrophage
  1424 | D:2      | Killed a necrophage
  1425 | D:2      | Reached skill level 4 in Unarmed Combat
  1425 | D:2      | Reached skill level 1 in Stealth
  1425 | D:2      | Reached XP level 4. HP: 14/29 MP: 3/7
  1595 | D:2      | Reached XP level 5. HP: 34/34 MP: 6/8
  1783 | D:2      | Found Walol's Antique Armour Shoppe.
  2472 | D:3      | Noticed Terence
  2504 | D:3      | Killed Terence
  2505 | D:3      | Reached XP level 6. HP: 42/42 MP: 6/9
  2690 | D:3      | Reached skill level 5 in Unarmed Combat
  3085 | D:3      | Reached skill level 6 in Unarmed Combat
  3499 | D:4      | Reached XP level 7. HP: 46/46 MP: 7/10
  3590 | D:4      | Found a glowing silver altar of Zin.
  3590 | D:4      | Found a burning altar of Makhleb.
  3591 | D:4      | Noticed a balrug
  3591 | D:4      | Noticed an angel
  3737 | D:4      | Found a staircase to the Ecumenical Temple.
  3749 | Temple   | Entered the Ecumenical Temple
  4409 | D:4      | Identified the ring of Nokhlaj {rC+ MP+9 Str-4 Dex+2
                  | Slay+3}
  4506 | D:4      | Reached skill level 7 in Unarmed Combat
  4511 | D:4      | Learned a level 4 spell: Ice Form
  4554 | D:5      | Entered Level 5 of the Dungeon
  4733 | D:5      | Reached skill level 5 in Fighting
  4733 | D:5      | Reached XP level 8. HP: 35/55 MP: 8/11
  5692 | D:5      | Reached skill level 8 in Unarmed Combat
  6055 | D:5      | Found an iron altar of Okawaru.
  6359 | D:6      | Reached skill level 9 in Unarmed Combat
  6359 | D:6      | Reached XP level 9. HP: 62/62 MP: 12/12
  6975 | D:6      | Reached skill level 5 in Dodging
  7165 | D:6      | Reached skill level 1 in Ice Magic
  7309 | D:6      | Identified the +2 ring mail of Nihilism {Dex+5 Slay+3}
  8193 | D:7      | Reached skill level 5 in Transmutations
  8209 | D:7      | Found the +8 storm bow {elec, penet}
  8341 | D:7      | Found an opulent altar of Gozag.
  8362 | D:7      | Became a worshipper of Gozag Ym Sagoz the Greedy
  8467 | D:7      | Noticed a hellwing
  8478 | D:7      | Reached XP level 10. HP: 57/71 MP: 13/13
  8777 | D:7      | Reached skill level 10 in Unarmed Combat
  9904 | D:8      | Noticed Prince Ribbit
  9907 | D:8      | Reached skill level 11 in Unarmed Combat
  9927 | D:8      | Reached XP level 11. HP: 38/80 MP: 15/15
 10190 | D:7      | Killed Prince Ribbit
 10582 | D:8      | Noticed a two-headed ogre
 10652 | D:8      | Killed a two-headed ogre
 10884 | D:8      | Noticed Maggie
 10898 | D:8      | Killed Maggie
 10899 | D:8      | Reached skill level 12 in Unarmed Combat
 10899 | D:8      | Found a staircase to the Lair.
 11179 | D:8      | Found an ancient bone altar of Kikubaaqudgha.
 11548 | Lair:1   | Entered Level 1 of the Lair of Beasts
 11705 | Lair:1   | Noticed Sonja
 11799 | Lair:1   | Killed Sonja
 11800 | Lair:1   | Reached skill level 10 in Fighting
 12386 | Lair:1   | Learned a level 3 spell: Ozocubu's Armour
 12497 | Lair:1   | Learned a level 7 spell: Ozocubu's Refrigeration
 12775 | Lair:1   | Found a blossoming altar of Fedhas.
 12777 | Lair:1   | Noticed an oklob plant
 12777 | Lair:1   | Noticed an oklob plant
 12784 | Lair:1   | Splashed by an oklob plant's acid

Illustrated notes

Levels and vault maps discovered:
D:1:      kb_arrival_jail, layout_basic, hellmonk_ecumenical_altar_zigzags,
          minmay_3d_cube
D:2:      layout_basic, serial_shops, nicolae_shop_behind_doors
D:3:      layout_loops_ring, uniq_terence
D:4:      layout_loops_corners, grunt_temple_overflow_order_and_chaos_2,
          minmay_temple_entry_proselytizer
D:5:      minmay_general_purpose_star, layout_loops_ring,
          mainiacjoe_overflow_six_doors_small
D:6:      layout_basic, minivault_19, minmay_fire_ice_demons
D:7:      cheibrodos_grave_circle, layout_basic, mainiacjoe_overflow_alcove_4
D:8:      layout_basic, mainiacjoe_overflow_alcove_2, minmay_lair_entry_grove,
          uniq_maggie, uniq_prince_ribbit1
Temple:   minmay_freezing_vapour_temple
Lair:1:   layout_regular_city, hangedman_tree_tricks, uniq_sonja

Skill      XL: |  1  2  3  4  5  6  7  8  9 10 11 |
---------------+----------------------------------+-----
Fighting       | 2 3 5 6 7 9 10 | 10.0
Unarmed Combat | 4 6 7 9 11 12 | 12.0
Poison Magic   | 2 |  2.0
Transmutations | 3 5 |  5.0
Stealth        | 1 2 3 4 |  4.0
Dodging        | 3 5 6 |  6.0
Ice Magic      | 4 |  4.3
Spellcasting   | 3 4 |  4.0

Action                   |  1- 3 |  4- 6 |  7- 9 | 10-12 || total
-------------------------+-------+-------+-------+-------++-------
Melee: Unarmed           |    53 |    71 |   172 |   191 ||   487
       Constrict         |    12 |    13 |    14 |     1 ||    40
       Kick              |     6 |     1 |       |       ||     7
       Tentacles         |     8 |     6 |    15 |     7 ||    36
       Punch             |     1 |     3 |     3 |     1 ||     8
       Flail             |       |    38 |    46 |     8 ||    92
       Morningstar       |       |       |    22 |    13 ||    35
 Fire: Longbow           |       |       |     6 |       ||     6
 Cast: Beastly Appendage |    14 |     6 |     1 |       ||    21
       Spider Form       |     3 |    10 |    31 |    10 ||    54
       Ice Form          |       |       |       |    20 ||    20
 Abil: End Transformatio |       |       |     1 |     1 ||     2
  Use: Scroll            |       |       |     4 |       ||     4
       Potion            |       |       |       |     4 ||     4
 Stab: Sleeping          |     3 |     3 |    13 |     3 ||    22
       Distracted        |       |       |       |     4 ||     4
Armor: Skin              |     1 |     8 |    30 |    46 ||    85
Dodge: Dodged            |    28 |    74 |   195 |   135 ||   432

Table legend: (Time is in decaauts)
 A = Elapsed time spent in this place.
 B = Non-inter-level travel time spent in this place.
 C = Inter-level travel time spent in this place.
 D = Time resting spent in this place.
 E = Time spent auto-exploring this place.
 F = Levels seen in this place.
 G = Mean time per level.
                   A        B        C        D        E       F      G
               +--------+--------+--------+--------+--------+-----+--------+
         Total |  12786 |  11944 |    842 |   4413 |   4721 |  10 | 1278.6 |
       Dungeon |  11512 |  10670 |    842 |   3884 |   4392 |   8 | 1439.0 |
        Temple |     39 |     39 |      0 |      0 |      0 |   1 |   39.0 |
          Lair |   1234 |   1234 |      0 |    529 |    329 |   1 | 1234.0 |
               +--------+--------+--------+--------+--------+-----+--------+

Top non-repeatable levels by time:
     D:6: 2022 daAuts
     D:7: 1852 daAuts
     D:5: 1531 daAuts
     D:1: 1383 daAuts
     D:4: 1365 daAuts
     D:3: 1301 daAuts
     D:8: 1274 daAuts
  Lair:1: 1234 daAuts
     D:2: 781 daAuts
  Temple: 39 daAuts
